 Dungeon Crawl Stone Soup version 0.26-a0-652-gafc20e3620 (webtiles) character file.

Game seed: 1038183179710474776

2867 Kaletam the Cutter (level 9, -1/85 HPs)
             Began as a Troll Hunter on Oct 2, 2020.
             Was a Follower of Dithmenos.
             Slain by Harold
             ... wielding a +0 battleaxe
              (16 damage)
             ... on level 7 of the Dungeon.
             The game lasted 00:15:05 (5889 turns).

Kaletam the Cutter (Troll Hunter)                   Turns: 5889, Time: 00:15:05

Health: -1/85      AC:  6    Str: 22    XL:     9   Next: 47%
Magic:  8/8        EV: 13    Int:  7    God:    Dithmenos [*.....]
Gold:   435        SH:  0    Dex: 13    Spells: 8/8 levels left

rFire    . . .     SeeInvis .   q - +1 dagger (distort)
rCold    . . .     Faith    .   (no shield)
rNeg     . . .     Spirit   .   b - +0 robe
rPois    .         Reflect  .   (helmet restricted)
rElec    .         Harm     .   (no cloak)
rCorr    .         Rampage  .   (gloves unavailable)
MR       .....                  (boots unavailable)
Stlth    ++........             (no amulet)
HPRegen  0.64/turn              (no ring)
MPRegen  0.11/turn              (no ring)

@: wreathed by umbra, invisible
A: large, unfitting armour, claws 3, regeneration 1, shaggy fur 1, tough skin 3
a: Renounce Religion


You were on level 7 of the Dungeon.
You worshipped Dithmenos.
Dithmenos was aware of your devotion.
You visited 1 branch of the dungeon, and saw 7 of its levels.

You collected 435 gold pieces.

Inventory:

Hand Weapons
 a - a +0 short sword
 h - a +0 hunting sling
 q - a +1 dagger of distortion (weapon)
 u - a +0 hand crossbow of flaming
Missiles
 c - 11 large rocks (quivered)
 d - 3 throwing nets
 g - 325 stones
 i - 30 sling bullets
 l - 14 bolts
 o - 14 poisoned darts
 y - 8 javelins
 D - 19 arrows
Armour
 b - a +0 robe (worn)
Wands
 v - a wand of digging (6)
 C - a wand of paralysis (9)
 F - a wand of acid (8)
Scrolls
 e - 7 scrolls of remove curse {unknown}
 f - 7 scrolls of identify {unknown}
 k - 5 scrolls of teleportation {unknown}
 n - a scroll of fear {unknown}
 p - a scroll of enchant weapon {unknown}
 r - a scroll of noise {unknown}
 s - 2 scrolls of amnesia {unknown}
 E - a scroll of magic mapping {unknown}
Potions
 m - 2 potions of brilliance
 t - a potion of lignification
 w - 2 potions of magic
 x - a potion of berserk rage
 z - a potion of degeneration {unknown}
 A - a potion of haste
 B - a potion of resistance {unknown}


   Skills:
 + Level 4.6 Fighting
 + Level 6.2 Short Blades
 + Level 5.1 Throwing
 + Level 6.2 Dodging
 + Level 2.6 Stealth


You had 8 spell levels left.
You didn't know any spells.
Your spell library contained the following spells:

 Spells                   Type           Power        Failure   Level
 Sandblast                Erth           #.....       43%         1
 Passwall                 Tmut/Erth      #.......     56%         2
 Confusing Touch          Hex            #.......     80%         3
 Gell's Gravitas          Tloc           #.........   80%         3
 Stone Arrow              Conj/Erth      #.....       80%         3
 Petrify                  Tmut/Erth      #.......     99%         4
 Lee's Rapid Deconstruct  Erth           #.........   100%        5
 Metabolic Englaciation   Hex/Ice        #.........   100%        5
 Yara's Violent Unravell  Hex/Tmut       #.........   100%        5


Dungeon Overview and Level Annotations

Branches:
Dungeon (7/15)             Temple (0/1) D:7

Altars:
Dithmenos
Trog
Xom

Annotations:
D:7 Harold
Abyss:1 Blork the orc, Duvessa, Edmund, Maggie


Innate Abilities, Weirdness & Mutations

You are too large for most types of armour.
You have claws for hands.
Your natural rate of healing is unusually fast.
You are covered in fur. (AC +1)
You have extremely tough skin. (AC +3)


Message History

You hit Harold.
Space bends around Harold.
Harold is almost dead.
The orc hits you with a +0 war axe! The orc completely misses you.
You hit Harold but do no damage.
Space bends around Harold.
Harold is almost dead.
You hear some strange, mumbled words.
A magic dart appears from out of thin air!
The magic dart hits you! Harold hits you with a +0 battleaxe!
* * * LOW HITPOINT WARNING * * *
The orc misses you. The orc completely misses you.
You hit Harold but do no damage.
Space bends around Harold.
Harold is almost dead.
The orc barely misses you. Something hits you.
* * * LOW HITPOINT WARNING * * *
It was a potion of invisibility.
You fade into invisibility!
An orc wizard appears from thin air!
Reactivating autopickup.
The orc closely misses you. Harold hits you with a +0 battleaxe!
You die...

# ##. .#...#
#####.....# #
##.(........ .#
#..o.......# .#
#.o@#......####.#
##.@#...#{.##...#
#oo###.#..#...#
##(o.####...<# /
##....@##..### ..
#.#.........## ..
###..o..##...#...
####...##..#...
##.o.#.o.o...
..##....#(..####


You could see Harold, an orc wizard and 4 orcs.

Vanquished Creatures
  Sigmund (D:3)
  2 ice beasts
  A sky beast (D:6)
  A hornet zombie (D:6)
  An ogre (D:4)
  3 bullfrogs (D:6)
  A water moccasin skeleton (D:6)
  2 scorpions
  Dowan (D:4)
  4 killer bees (D:6)
  A bullfrog zombie (D:5)
  2 howler monkeys
  A centaur skeleton (D:4)
  A bullfrog skeleton (D:4)
  2 hounds (D:6)
  4 orc wizards
  An iguana (D:4)
  3 worker ants (D:5)
  A hound skeleton (D:4)
  A worker ant zombie (D:6)
  7 gnolls
  11 adders
  A shadow imp (D:6)
  A white imp (D:5)
  2 adder skeletons
  A worm (D:2)
  5 dart slugs
  7 leopard geckos
  10 orcs
  3 giant cockroaches
  15 goblins
  12 hobgoblins
  13 jackals
  6 kobolds
  A quokka (D:3)
  A ball python (D:3)
  4 bats
  6 frilled lizards
  4 rats
144 creatures vanquished.

Notes
Turn   | Place    | Note
-------+----------+-------------------------------------------
     0 | D:1      | Kaletam the Troll Hunter began the quest for the Orb.
     0 | D:1      | Reached XP level 1. HP: 19/19 MP: 0/0
    84 | D:1      | Reached XP level 2. HP: 27/27 MP: 1/1
   494 | D:1      | Reached XP level 3. HP: 35/35 MP: 2/2
   837 | D:2      | Found a bloodstained altar of Trog.
  1203 | D:2      | Reached skill level 1 in Short Blades
  1203 | D:2      | Reached XP level 4. HP: 42/42 MP: 3/3
  1677 | D:3      | Noticed Sigmund
  1795 | D:3      | Reached XP level 5. HP: 40/49 MP: 4/4
  2142 | D:3      | Killed Sigmund
  2142 | D:3      | Reached XP level 6. HP: 51/57 MP: 5/5
  2515 | D:4      | Noticed Blork the orc
  2521 | D:4      | Banished Blork the orc
  2521 | D:4      | Reached skill level 1 in Stealth
  2646 | D:4      | Noticed Duvessa
  2647 | D:4      | Noticed Dowan
  2662 | D:4      | Killed Dowan
  2662 | D:4      | Reached XP level 7. HP: 47/66 MP: 6/6
  2672 | D:4      | Banished Duvessa
  3455 | D:4      | Reached XP level 8. HP: 71/75 MP: 7/7
  3546 | D:5      | Entered Level 5 of the Dungeon
  3861 | D:5      | Noticed Edmund
  3881 | D:5      | Banished Edmund
  3905 | D:5      | Found a shadowy altar of Dithmenos.
  3969 | D:5      | Became a worshipper of Dithmenos the Shadowed
  4024 | D:5      | Reached skill level 5 in Short Blades
  4275 | D:5      | Reached skill level 5 in Dodging
  4783 | D:6      | Reached XP level 9. HP: 84/84 MP: 8/8
  4883 | D:6      | Reached * piety under Dithmenos
  4902 | D:6      | Reached skill level 5 in Throwing
  4942 | D:6      | Noticed Maggie
  4944 | D:6      | HP: 2/84 [Maggie/bolt of fire (31)]
  4948 | D:6      | Banished Maggie
  5492 | D:6      | Found a shimmering altar of Xom.
  5844 | D:7      | Found a staircase to the Ecumenical Temple.
  5844 | D:7      | Noticed Harold
  5889 | D:7      | Slain by Harold

Illustrated notes

Levels and vault maps discovered:
D:1:      dpeg_arrival_boxes_within_box, layout_rooms
D:2:      layout_basic, lightli_temple_of_fire
D:3:      cheibrodos_greedy_goblins, layout_basic, item_on_display_a,
          uniq_sigmund
D:4:      layout_layer_cave, minmay_a_box_with_orc_wizards_in_it, uniq_duvessa,
          uniq_blork_the_orc
D:5:      layout_basic, nicolae_dithmenos_shadow_blocks, minmay_hedge_maze,
          uniq_edmund
D:6:      layout_layer_cave, nicolae_overflow_hidden_temple,
          chequers_serial_rivers_micro_e, uniq_maggie
D:7:      minmay_clustersquares, layout_cave_pools,
          gammafunk_temple_overflow_pools, minmay_temple_entry_statues,
          enter_bailey_3, uniq_harold

Skill      XL: |  1  2  3  4  5  6  7  8  9 |
---------------+----------------------------+-----
Throwing       | 4 5 |  5.1
Dodging        | 2 3 4 5 6 |  6.2
Short Blades   | 1 2 3 4 5 6 |  6.2
Fighting       | 2 3 4 |  4.6
Stealth        | 1 2 |  2.6

Action                   |  1- 3 |  4- 6 |  7- 9 || total
-------------------------+-------+-------+-------++-------
Melee: Short sword       |   144 |       |       ||   144
       Dagger            |     5 |   133 |   292 ||   430
Throw: Large rock        |     9 |     5 |     7 ||    21
  Use: Potion            |       |       |     8 ||     8
 Stab: Sleeping          |     1 |     1 |     2 ||     4
       Distracted        |       |       |     1 ||     1
Armor: Robe              |    64 |    36 |    65 ||   165
       Skin              |       |       |    62 ||    62
Dodge: Dodged            |    76 |    63 |   130 ||   269

Table legend: (Time is in decaauts)
 A = Elapsed time spent in this place.
 B = Non-inter-level travel time spent in this place.
 C = Inter-level travel time spent in this place.
 D = Time resting spent in this place.
 E = Time spent auto-exploring this place.
 F = Levels seen in this place.
 G = Mean time per level.
                   A        B        C        D        E       F      G
               +--------+--------+--------+--------+--------+-----+--------+
         Total |   5815 |   5483 |    332 |    105 |   4249 |   7 |  830.7 |
       Dungeon |   5815 |   5483 |    332 |    105 |   4249 |   7 |  830.7 |
               +--------+--------+--------+--------+--------+-----+--------+

Top non-repeatable levels by time:
     D:4: 1189 daAuts
     D:6: 1181 daAuts
     D:2: 1018 daAuts
     D:5: 1015 daAuts
     D:1: 708 daAuts
     D:3: 634 daAuts
     D:7: 66 daAuts
